 Dungeon Crawl Stone Soup version 0.18.1-48-g4cf74bf (webtiles) character file.

16 Melfield the Skirmisher (level 2, 0/24 HPs)
             Began as a Demonspawn Abyssal Knight on Aug 11, 2016.
             Was a Follower of Lugonu.
             Slain by a river rat (1 damage)
             ... in a sewer.
             The game lasted 00:04:16 (695 turns).

Melfield the Skirmisher (Demonspawn Abyssal Knight)  Turns: 695, Time: 00:04:16

Health: 0/24       AC:  3    Str: 11 (12) XL:     2   Next: 37%
Magic:  4/4        EV: 11    Int: 10 (13) God:    Lugonu [*.....]
Gold:   49         SH:  0    Dex: 11 (12) Spells: 0 memorised, 1 level left

rFire  . . .     SeeInvis .     a - +1 hand axe
rCold  . . .     Gourm    .     b - +0 leather armour
rNeg   . . .     Faith    .     (no shield)
rPois  .         Spirit   .     (no helmet)
rElec  .         Dismiss  .     (no cloak)
rCorr  .         Reflect  .     (no gloves)
SustAt .         Harm     .     (no boots)
MR     .....                    (no amulet)
Stlth  +.........               (no ring)
                                (no ring)

@: not resistant to hostile enchantments, very unstealthy
A: powered by death 1
a: Depart the Abyss, Renounce Religion


You were in a sewer.
You worshipped Lugonu.
Lugonu was aware of your devotion.
You were not hungry.

You visited 1 branch of the dungeon, and saw 3 of its levels.
You visited the Abyss 1 time.
You also visited: Sewer.

You collected 49 gold pieces.

Inventory:

Hand Weapons
 a - a +1 hand axe (weapon)
Armour
 b - a +0 leather armour (worn)
Scrolls
 d - a scroll of fog {unknown}
 e - a scroll of enchant armour {unknown}
 h - a scroll of magic mapping {unknown}
Comestibles
 c - 2 bread rations
 g - a meat ration


   Skills:
 + Level 3.4 Fighting
 + Level 2.0 Axes
 + Level 1.7 Armour
 + Level 1.1 Dodging
 + Level 2.8 Invocations


You had one spell level left.
You didn't know any spells.

Dungeon Overview and Level Annotations

Branches:
Dungeon (3/15)

Altars:


Innate Abilities, Weirdness & Mutations

You regenerate a little health from kills.


Message History

The river rat is heavily wounded.
You hit the river rat but do no damage.
The river rat is lightly wounded.
The river rat bites you!
* * * LOW HITPOINT WARNING * * *
The river rat bites you but does no damage.
It was a potion of degeneration.
There was something very wrong with that liquid.
You feel weakened.
You feel dopey.
You feel clumsy.
The river rat twitches its whiskers.
The river rat barely misses you. x2
You hit the river rat.
The river rat is severely wounded.
You barely miss the river rat.
The river rat is lightly wounded.
You feel less regenerative. The river rat bites you.
* * * LOW HITPOINT WARNING * * *
The river rat bites you.
You die... ################ #....∩rr@r....≈≈ ################

You could see 2 river rats and a rat.

Vanquished Creatures
  A dart slug (D:1)
  2 giant cockroaches (D:3)
  2 hobgoblins
  2 jackals (D:1)
  A kobold (D:1)
  2 bats (D:1)
  3 rats
13 creatures vanquished.

Notes
Turn   | Place    | Note
--------------------------------------------------------------
     0 | Abyss:1  | Melfield the Demonspawn Abyssal Knight began the quest for the Orb.
     0 | Abyss:1  | Reached XP level 1. HP: 18/18 MP: 2/2
    11 | D:1      | Escaped the Abyss
    14 | D:1      | Noticed an elf
    14 | D:1      | Noticed a vine stalker
    16 | D:1      | Noticed a centaur
    16 | D:1      | Noticed a draconian
    18 | D:1      | Noticed a ghoul
    18 | D:1      | Noticed a dwarf
    20 | D:1      | Noticed a gargoyle
    22 | D:1      | Noticed a merfolk
    22 | D:1      | Noticed a vampire
    24 | D:1      | Noticed a formicid
    24 | D:1      | Noticed a troll
    42 | D:1      | Noticed an octopode
    42 | D:1      | Noticed a tengu
    44 | D:1      | Noticed a halfling
    46 | D:1      | Noticed a felid
    48 | D:1      | Noticed a minotaur
    48 | D:1      | Noticed an ogre
    50 | D:1      | Noticed a human
    52 | D:1      | Noticed a demonspawn
    52 | D:1      | Noticed a spriggan
   104 | D:1      | Noticed a naga
   104 | D:1      | Noticed a demigod
   382 | D:1      | Gained mutation: You regenerate a little health from kills. [demonic ancestry]
   382 | D:1      | Reached XP level 2. HP: 21/24 MP: 4/4
   434 | D:2      | Reached skill level 1 in Dodging
   675 | D:3      | Found a glowing drain.
   684 | Sewer    | Entered a sewer
   693 | Sewer    | HP: 1/24 [river rat (7)]
   695 | Sewer    | Slain by a river rat

Skill      XL: |  1  2 |
---------------+-------+-----
Axes           | 2 |  2.0
Dodging        | 1 |  1.1
Fighting       | |  3.4
Armour         | |  1.7
Invocations    | |  2.8

Action                   || total
-------------------------++-------
Melee: Hand axe          ||    56
  Use: Potion            ||     2
Armor: Leather armour    ||    19
Dodge: Dodged            ||    49
